 Dungeon Crawl Stone Soup version 0.26-a0-812-g31a745ddcd (webtiles) character file.

Game seed: 17905574338038554370

1184 Bapho the Ruffian (level 8, 0/60 HPs)
             Began as a Gnoll Wanderer on Nov 14, 2020.
             Was a Follower of Okawaru.
             Slain by a bullfrog (3 damage)
             ... on level 5 of the Dungeon.
             The game lasted 00:14:03 (8285 turns).

Bapho the Ruffian (Gnoll Wanderer)                  Turns: 8285, Time: 00:14:04

Health: 0/60       AC:  7    Str: 17    XL:     8   Next: 42%
Magic:  14/14      EV: 10    Int: 16    God:    Okawaru [*.....]
Gold:   325        SH:  0    Dex: 13    Spells: 15/15 levels left

rFire    . . .     SeeInvis .   a - +5 morningstar
rCold    . . .     Faith    .   (no shield)
rNeg     . . .     Spirit   .   z - +0 scale mail (curse)
rPois    .         Reflect  .   (no helmet)
rElec    .         Harm     .   j - +0 cloak
rCorr    .         Rampage  .   (no gloves)
MR       .....                  (no boots)
Stlth    +.........             (no amulet)
HPRegen  0.20/turn              (no ring)
MPRegen  0.14/turn              (no ring)

@: mighty, lightly drained
A: distributed training, fangs 1, strong nose
a: Heroism, Renounce Religion


You were on level 5 of the Dungeon.
You worshipped Okawaru.
Okawaru was aware of your devotion.
You visited 2 branches of the dungeon, and saw 7 of its levels.

You collected 325 gold pieces.

Inventory:

Hand Weapons
 a - a +5 morningstar (weapon)
 b - a +0 shortbow
Missiles
 e - 4 boomerangs (quivered)
 r - 35 sling bullets
 t - 152 stones
Armour
 d - a +0 robe
 j - a +0 cloak (worn)
 n - a +0 leather armour
 y - a +0 ring mail
 z - a cursed +0 scale mail (worn)
 B - a +0 chain mail
Jewellery
 C - an uncursed amulet of magic regeneration {unknown}
 I - an uncursed ring of positive energy {unknown}
Scrolls
 f - a scroll of silence {unknown}
 h - a scroll of magic mapping {unknown}
 k - 3 scrolls of identify
 m - 3 scrolls of enchant armour {unknown}
 o - a scroll of amnesia {unknown}
 q - 2 scrolls of teleportation {unknown}
 s - 3 scrolls of random uselessness {unknown}
 u - 6 scrolls of remove curse {unknown}
 x - 2 scrolls of blinking
 F - 3 scrolls of immolation
 G - 2 scrolls of fog {unknown}
 H - a scroll of enchant weapon
Potions
 c - 4 potions of curing
 g - 2 potions of haste
 i - a potion of brilliance
 l - 3 potions of degeneration
 p - 2 potions of flight
 v - a potion of cancellation
 w - a potion of magic
 D - a potion of attraction
 E - 4 potions of mutation
 K - a potion of resistance


   Skills:
 + Level 4.2(3.7) Fighting
 + Level 3.2(2.8) Short Blades
 + Level 3.2(2.8) Long Blades
 + Level 3.2(2.8) Axes
 + Level 3.2(2.8) Maces & Flails
 + Level 3.2(2.8) Polearms
 + Level 3.2(2.8) Staves
 + Level 3.2(2.8) Slings
 + Level 3.2(2.8) Bows
 + Level 3.2(2.8) Crossbows
 + Level 4.2(3.7) Throwing
 + Level 3.2(2.8) Armour
 + Level 3.2(2.8) Dodging
 + Level 5.3(4.9) Stealth
 + Level 4.2(3.7) Shields
 + Level 5.6(5.2) Unarmed Combat
 + Level 4.3(3.9) Spellcasting
 + Level 2.6(2.2) Conjurations
 + Level 2.6(2.2) Hexes
 + Level 2.6(2.2) Summonings
 + Level 2.6(2.2) Necromancy
 + Level 3.4(3.0) Translocations
 + Level 2.6(2.2) Transmutations
 + Level 2.6(2.2) Fire Magic
 + Level 2.6(2.2) Ice Magic
 + Level 2.6(2.2) Air Magic
 + Level 2.6(2.2) Earth Magic
 + Level 3.4(3.0) Poison Magic
 + Level 3.5(3.1) Invocations
 + Level 3.2(2.8) Evocations


You had 15 spell levels left.
You didn't know any spells.
Your spell library was empty.

Dungeon Overview and Level Annotations

Branches:
Dungeon (6/15)             Temple (1/1) D:4

Altars:
Ashenzari
Elyvilon
Fedhas
Gozag
Kikubaaqudgha
Okawaru
Qazlal
Ru
Sif Muna
Trog
Vehumet
Xom
Yredelemnul
Zin
The Shining One

Shops:
D:5 *


Innate Abilities, Weirdness & Mutations

Your experience applies equally to all skills.
You have very sharp teeth.
Your uncanny sense of smell can sniff out nearby items.


Message History

The bullfrog hits you but does no damage.
The bullfrog hits you.
* * * LOW HITPOINT WARNING * * *
The bullfrog barely misses you. The bullfrog closely misses you.
The bullfrog completely misses you.
You miss the bullfrog.
The bullfrog hits you but does no damage.
The bullfrog hits you.
* * * LOW HITPOINT WARNING * * *
The bullfrog hits you.
* * * LOW HITPOINT WARNING * * *
The bullfrog hits you but does no damage.
The bullfrog hits you.
* * * LOW HITPOINT WARNING * * *
The bullfrog hits you.
* * * LOW HITPOINT WARNING * * *
It was a potion of might.
You feel very mighty all of a sudden. The bullfrog hits you.
You die...

##......####....##
##.......#.....# ### #
####.#.#........###.### #
#....#######.....#.>..#
####.....###...........###
..##......#.....##..#..##
..............##.#......###
#...................#.#...###
###.............@F..........#
###.................#.#.....###
#.#.....#...#.#...............#
....##.......................##
#...##..#...#.#.....#######..##
#....#..[...........#### #....###
........#####........#.####......
.###...## #............##...###
## ###.## ##.>....###....#.##...


You could see a bullfrog.

Vanquished Creatures
  2 sky beasts (D:5)
  A phantom (D:4)
  A centaur (D:5)
  Blork the orc (D:4)
  4 wights
  A howler monkey (D:4)
  Crazy Yiuf (D:5)
  2 orc priests
  An iguana (D:6)
  5 worker ants
  Natasha (thrice) (D:4)
  2 orc wizards
  Robin (D:4)
  9 adders
  2 white imps (D:5)
  A worm (D:4)
  2 dart slugs (D:2)
  3 leopard geckos
  11 orcs
  2 giant cockroaches (D:2)
  14 goblins
  9 hobgoblins
  5 jackals
  4 kobolds
  A quokka (D:6)
  2 bats
  6 frilled lizards
  7 rats
103 creatures vanquished.

Notes
Turn   | Place    | Note
-------+----------+-------------------------------------------
     0 | D:1      | Bapho the Gnoll Wanderer began the quest for the Orb.
     0 | D:1      | Bapho set off with the following items: a +0 club, a scroll
                  | of blinking, 2 potions of curing, a +0 robe, a potion of
                  | berserk rage, a +0 dagger
     0 | D:1      | Reached XP level 1. HP: 17/17 MP: 4/4
   266 | D:1      | Reached XP level 2. HP: 7/23 MP: 5/5
  1179 | D:2      | Reached XP level 3. HP: 9/28 MP: 7/7
  1223 | D:2      | Reached skill level 1 in Invocations
  1910 | D:2      | Reached skill level 1 in Short Blades
  1910 | D:2      | Reached skill level 1 in Long Blades
  1910 | D:2      | Reached skill level 1 in Axes
  1910 | D:2      | Reached skill level 1 in Maces & Flails
  1910 | D:2      | Reached skill level 1 in Polearms
  1910 | D:2      | Reached skill level 1 in Staves
  1910 | D:2      | Reached skill level 1 in Slings
  1910 | D:2      | Reached skill level 1 in Bows
  1910 | D:2      | Reached skill level 1 in Crossbows
  1910 | D:2      | Reached skill level 1 in Armour
  1910 | D:2      | Reached skill level 1 in Dodging
  1910 | D:2      | Reached skill level 1 in Evocations
  1910 | D:2      | Reached XP level 4. HP: 26/34 MP: 8/8
  2808 | D:3      | Reached skill level 1 in Conjurations
  2808 | D:3      | Reached skill level 1 in Hexes
  2808 | D:3      | Reached skill level 1 in Summonings
  2808 | D:3      | Reached skill level 1 in Necromancy
  2808 | D:3      | Reached skill level 1 in Transmutations
  2808 | D:3      | Reached skill level 1 in Fire Magic
  2808 | D:3      | Reached skill level 1 in Ice Magic
  2808 | D:3      | Reached skill level 1 in Air Magic
  2808 | D:3      | Reached skill level 1 in Earth Magic
  2925 | D:3      | Found a glowing golden altar of the Shining One.
  3258 | D:3      | Found a hide-covered altar of Uskayaw.
  3261 | D:3      | Found a shimmering altar of Xom.
  3261 | D:3      | Found a shimmering altar of Xom.
  3265 | D:3      | Found a radiant altar of Vehumet.
  3265 | D:3      | Found a shimmering altar of Xom.
  3265 | D:3      | Found a basalt altar of Yredelemnul.
  3318 | D:3      | Found an opulent altar of Gozag.
  3456 | D:4      | Reached XP level 5. HP: 40/40 MP: 9/9
  3735 | D:4      | Identified the +1 helmet "Cupu" {rC++ Slay-6}
  3735 | D:4      | Noticed Robin
  4338 | D:4      | Killed Robin
  4475 | D:4      | Noticed Blork the orc
  4489 | D:4      | Killed Blork the orc
  4489 | D:4      | Reached XP level 6. HP: 7/47 MP: 9/11
  4863 | D:4      | Found a staircase to the Ecumenical Temple.
  4877 | D:4      | Noticed a phantom
  4897 | D:4      | Killed a phantom
  4897 | D:4      | Reached skill level 5 in Unarmed Combat
  4911 | Temple   | Entered the Ecumenical Temple
  5035 | Temple   | Became a worshipper of Warmaster Okawaru
  5478 | D:4      | Noticed Natasha
  5487 | D:4      | Killed Natasha
  5671 | D:4      | Found a blossoming altar of Fedhas.
  5671 | D:4      | Found an ancient bone altar of Kikubaaqudgha.
  5703 | D:4      | Reached XP level 7. HP: 52/52 MP: 12/12
  5806 | D:4      | Noticed Natasha
  5816 | D:4      | Killed Natasha
  5821 | D:4      | Noticed Natasha
  5829 | D:4      | Killed Natasha
  5964 | D:5      | Entered Level 5 of the Dungeon
  6025 | D:5      | Found Guiz's Assorted Antiques.
  6547 | D:5      | Reached skill level 5 in Stealth
  7148 | D:5      | Reached XP level 8. HP: 52/60 MP: 14/14
  7544 | D:5      | Found a runed translucent door.
  7545 | D:5      | Noticed Crazy Yiuf
  7663 | D:5      | Killed Crazy Yiuf
  8041 | D:6      | Reached * piety under Okawaru
  8283 | D:5      | HP: 2/60 [bullfrog (2)]
  8285 | D:5      | Slain by a bullfrog

Illustrated notes

Levels and vault maps discovered:
D:1:      sevenhm_arrival_forest_fort_small_5, layout_basic
D:2:      layout_loops_ring
D:3:      layout_basic, lemuel_crystal_altar, grunt_gozag_statues,
          doesnt_xom_only_xom
D:4:      layout_gridville, grunt_temple_overflow_growth_and_decay,
          temple_pool_b, uniq_natasha, uniq_robin, uniq_blork_the_orc
D:5:      layout_cave_pools, serial_shops, shop, serial_glass, glass_columns_b,
          glass_columns_c, glass_columns_b, glass_columns_a, glass_columns_b,
          glass_columns_a, glass_columns_a, glass_columns_a, glass_columns_a,
          glass_columns_a, uniq_crazy_yiuf_cottage
D:6:      layout_basic
Temple:   nicolae_temple_figure_zero

Skill      XL: |  1  2  3  4  5  6  7  8 |
---------------+-------------------------+-----
Translocations | 2 3 |  3.4
Poison Magic   | 2 3 |  3.4
Invocations    | 1 2 3 |  3.5
Short Blades   | 1 2 3 |  3.2
Long Blades    | 1 2 3 |  3.2
Axes           | 1 2 3 |  3.2
Maces & Flails | 1 2 3 |  3.2
Polearms       | 1 2 3 |  3.2
Staves         | 1 2 3 |  3.2
Slings         | 1 2 3 |  3.2
Bows           | 1 2 3 |  3.2
Crossbows      | 1 2 3 |  3.2
Armour         | 1 2 3 |  3.2
Dodging        | 1 2 3 |  3.2
Evocations     | 1 2 3 |  3.2
Spellcasting   | 3 4 |  4.3
Conjurations   | 1 2 |  2.6
Hexes          | 1 2 |  2.6
Summonings     | 1 2 |  2.6
Necromancy     | 1 2 |  2.6
Transmutations | 1 2 |  2.6
Fire Magic     | 1 2 |  2.6
Ice Magic      | 1 2 |  2.6
Air Magic      | 1 2 |  2.6
Earth Magic    | 1 2 |  2.6
Fighting       | 3 4 |  4.2
Throwing       | 3 4 |  4.2
Shields        | 3 4 |  4.2
Unarmed Combat | 5 |  5.6
Stealth        | 5 |  5.3

Action                   |  1- 3 |  4- 6 |  7- 9 || total
-------------------------+-------+-------+-------++-------
Melee: Hand axe          |    78 |     9 |       ||    87
       Club              |     9 |       |       ||     9
       Bite              |     8 |     9 |     8 ||    25
       Punch             |     1 |       |     1 ||     2
       Great sword       |       |    83 |    51 ||   134
       Morningstar       |       |       |    24 ||    24
 Fire: Hunting sling     |       |    79 |    34 ||   113
       Shortbow          |       |       |    35 ||    35
Throw: Stone             |    41 |       |       ||    41
       Boomerang         |       |       |     3 ||     3
  Use: Potion            |     2 |     1 |     1 ||     4
       Scroll            |       |       |    10 ||    10
 Stab: Sleeping          |     6 |       |       ||     6
Armor: Robe              |    12 |       |       ||    12
       Leather armour    |    20 |     2 |       ||    22
       Scale mail        |       |    78 |    43 ||   121
Dodge: Dodged            |    57 |   129 |    65 ||   251
       Rpst.: Great sword |       |    35 |    18 ||    53

Table legend: (Time is in decaauts)
 A = Elapsed time spent in this place.
 B = Non-inter-level travel time spent in this place.
 C = Inter-level travel time spent in this place.
 D = Time resting spent in this place.
 E = Time spent auto-exploring this place.
 F = Levels seen in this place.
 G = Mean time per level.
                   A        B        C        D        E       F      G
               +--------+--------+--------+--------+--------+-----+--------+
         Total |   8427 |   8189 |    238 |   3090 |   4010 |   7 | 1203.9 |
       Dungeon |   8294 |   8065 |    229 |   3090 |   3903 |   6 | 1382.3 |
        Temple |    133 |    124 |      9 |      0 |    107 |   1 |  133.0 |
               +--------+--------+--------+--------+--------+-----+--------+

Top non-repeatable levels by time:
     D:4: 1871 daAuts
     D:2: 1636 daAuts
     D:3: 1627 daAuts
     D:5: 1525 daAuts
     D:1: 1131 daAuts
     D:6: 503 daAuts
  Temple: 133 daAuts
